 Dungeon Crawl Stone Soup version 0.21.1-1-g345015f (webtiles) character file.

150 inmateoo the Ruffian (level 5, -7/79 HPs)
             Began as a Troll Fighter on July 21, 2018.
             Killed by divine providence
             ... invoked by an orc priest
              (14 damage)
             ... on level 3 of the Dungeon.
             The game lasted 00:01:52 (1750 turns).

inmateoo the Ruffian (Troll Fighter)                Turns: 1750, Time: 00:01:53

Health: -7/79      AC: 22    Str: 24    XL:     5   Next: 10%
Magic:  4/4        EV:  1    Int:  9    God:
Gold:   118        SH:  9    Dex: 10    Spells: 4/4 levels left

rFire    + . .     SeeInvis .     - Unarmed
rCold    + . .     Gourm    +   b - +0 shield
rNeg     + + +     Faith    .   (armour currently unavailable)
rPois    +         Spirit   .   (helmet currently unavailable)
rElec    +         Reflect  .   (cloak currently unavailable)
rCorr    +         Harm     .   (gloves unavailable)
MR       .....     NoTele   +   (boots unavailable)
Stlth    +.........             (no amulet)
HPRegen  0.63/turn              (no ring)
MPRegen  0.09/turn              (no ring)

@: brilliant, tree-form, resistant, hasted, very quick
A: large, unfitting armour, fast metabolism 3, gourmand, regeneration 1
a: no special abilities


You were on level 3 of the Dungeon.
You were very full.
You were a tree.
You visited 1 branch of the dungeon, and saw 3 of its levels.

You collected 118 gold pieces.

Inventory:

Armour
 a - a +0 robe (melded)
 b - a +0 shield (worn)
Jewellery
 o - a +3 ring of intelligence {unknown}
Wands
 n - a wand of clouds (4)
Scrolls
 f - 3 scrolls of remove curse {unknown}
 g - a scroll of enchant armour {unknown}
 h - 3 scrolls of amnesia {unknown}
 i - 3 scrolls of identify {unknown}
 k - a scroll of fear {unknown}
 l - 2 scrolls of fog {unknown}
Potions
 c - a potion of might
 e - a potion of haste
 m - a potion of resistance
Comestibles
 d - 5 rations


   Skills:
 + Level 3.1 Fighting
 - Level 3.0 Dodging
 - Level 3.0 Shields
 * Level 3.8 Unarmed Combat


You had 4 spell levels left.
You didn't know any spells.

Dungeon Overview and Level Annotations

Branches:
Dungeon (3/15)

Altars:


Innate Abilities, Weirdness & Mutations

You are too large for most types of armour.
((You have claws for hands.))
Your metabolism is lightning-fast.
You like to eat raw meat.
Your natural rate of healing is unusually fast.
((You are covered in fur. (AC +1)))
((You have very tough skin. (AC +2)))


Message History

Unknown command.
You smack the orc wizard!
You kill the orc wizard!
You have reached level 5!
The orc throws a tomahawk.
The tomahawk hits you but does no damage.
The orc throws a tomahawk.
The tomahawk hits you but does no damage.
The orc priest looks braver for a moment.
You swing at nothing.
You barely miss the orc. You hit the orc.
The orc is almost dead.
The orc hits you but does no damage.
You hit the orc.
You kill the orc!
You swing at nothing.
The orc priest mumbles some strange prayers to Beogh against you.
Beogh smites you!
You die...

##....#
####<# #.#
#.# #.# #.#
#.#
#%########.
#..♣)oK....
###########


You could see an orc priest and a kobold.

Vanquished Creatures
  Terence (D:1)
  Natasha (twice) (D:2)
  An orc wizard (D:3)
  An adder (D:2)
  A worm (D:2)
  A dart slug (D:2)
  A leopard gecko (D:2)
  2 orcs (D:3)
  A ball python (D:2)
  2 giant cockroaches
  2 goblins
  6 hobgoblins
  A quokka (D:2)
  4 bats
  3 frilled lizards
  5 kobolds
  3 rats (D:1)
37 creatures vanquished.

Notes
Turn   | Place    | Note
-------+----------+-------------------------------------------
     0 | D:1      | inmateoo the Troll Fighter began the quest for the Orb.
     0 | D:1      | Reached XP level 1. HP: 22/22 MP: 0/0
   286 | D:1      | Reached XP level 2. HP: 29/29 MP: 1/1
   905 | D:2      | Noticed Terence
   905 | D:2      | Noticed Natasha
   913 | D:1      | Killed Terence
   913 | D:1      | Reached XP level 3. HP: 18/36 MP: 2/2
   956 | D:2      | Killed Natasha
  1020 | D:2      | Reached XP level 4. HP: 41/44 MP: 3/3
  1036 | D:2      | Noticed Natasha
  1063 | D:2      | Killed Natasha
  1742 | D:3      | HP: 2/45 [orc wizard/dagger (2)]
  1744 | D:3      | Reached XP level 5. HP: 4/53 MP: 4/4
  1750 | D:3      | Killed from afar by an orc priest

Skill      XL: |  1  2  3  4 |
---------------+-------------+-----
Unarmed Combat | 3 |  3.8
Fighting       | 3 |  3.1
Dodging        | 3 |  3.0
Shields        | 3 |  3.0

Action                   |  1- 3 |  4- 6 || total
-------------------------+-------+-------++-------
Melee: Unarmed           |    65 |    76 ||   141
  Use: Potion            |       |     4 ||     4
  Eat: Chunk             |     9 |    11 ||    20
Armor: Robe              |    32 |    19 ||    51
       Skin              |       |     3 ||     3
Dodge: Dodged            |    33 |    17 ||    50
Block: Shield            |    42 |    28 ||    70
